AoeStats
← Barón de la Cerveza

Arena

505588943Analyzed
1v1 RM · 23d ago on Sep 10, 2026· 32m 8s· 2 players
Game mode
Random Map
Map size
Tiny (2 player)
Population
200
Speed
Normal
Resources
Standard
Victory
Conquest
Starting age
Dark Age
Ending age
Imperial Age
RankedLock teamsTeams togetherTeam positionsShared explorationLock speedFull tech treeHidden civsTurbo modeCheats
Victory
Defeat
🇲🇽 Persians · Mexico
1832
+13
🇲🇽 Saracens · Mexico
1767
-13
Vmmp11
11:14 Feudal Age
15:01 Castle Age
13:05 Double-Bit Axe
15:05 Crossbowman
15:40 Fletching
16:18 Bodkin Arrow
27:08 Imperial Age
27:18 Arbalester
28:12 Bracer
30:57 Chemistry
Barón de la Cerveza
10:49 Feudal Age
11:23 Feudal Age
14:54 Castle Age
13:03 Horse Collar
14:12 Double-Bit Axe
15:51 Bow Saw
16:11 Bow Saw
18:15 Loom
24:46 Town Watch
25:52 Wheelbarrow
30:39 Imperial Age
28:29 Elite Skirmisher
29:03 Fletching
29:13 Padded Archer Armor
29:47 Thumb Ring
30:42 Leather Archer Armor
31:53 Ring Archer Armor
31:20 Bodkin Arrow
Connection lost

Rejoining the realm…

Still unreachable

The connection could not be restored.

Session expired

The server has moved on; the page needs a fresh start.